 Seeded DCSS version 0.30-a0-534-gdc55766716 (webtiles) character file.

Game seed: 13842353099802988329 (custom seed)

55566 lotusamurai3 the Nimble (level 14, 0/94 HPs)
             Began as a Tengu Monk on Dec 25, 2022.
             Was the Champion of Wu Jian.
             Slain by an entropy weaver (5 damage)
             ... on level 1 of the Spider Nest.
             The game lasted 00:23:46 (18318 turns).

lotusamurai3 the Nimble (Tengu Monk)               Turns: 18318, Time: 00:23:46

Health: 0/94       AC: 11    Str: 16    XL:     14   Next: 77%
Magic:  15/15      EV: 24    Int: 11    God:    Wu Jian [******]
Gold:   656        SH:  0    Dex: 26    Spells: 13/13 levels left

rFire   . . .      SeeInvis .    b - +5 scythe "Finisher" {speed, eviscerate}
rCold   . . .      Faith    .    (shield currently unavailable)
rNeg    . . .      Spirit   .    f - +1 chain mail
rPois   .          Reflect  .    p - +0 hat "Cypen" {Slay+3 Stlth+}
rElec   +          Harm     .    (no cloak)
rCorr   +          Rampage  .    L - +0 pair of fencer's gloves {Riposte Dex+3}
Will    +....                    (boots unavailable)
Stlth   +                        (no amulet)
HPRegen 0.35/turn                l - +4 ring of evasion
MPRegen 0.14/turn                y - ring "Pidajuif" {rElec rCorr Dex+6 Slay+2}

@: exhausted, corroded, flying quickly and evasively, studying Dodging, quick
A: beak, talons 3, nimble flight
a: Renounce Religion, Wall Jump, Serpent's Lash, Heavenly Storm


You were on level 1 of the Spider Nest.
You worshipped Wu Jian.
Wu Jian was exalted by your worship.
You visited 3 branches of the dungeon, and saw 17 of its levels.
You also visited: Sewer.

You collected 1696 gold pieces.
You spent 1040 gold pieces at shops.

Inventory:

Hand Weapons
 a - a +0 halberd of flaming
 b - the +5 scythe "Finisher" (weapon) {speed, eviscerate}
   (You found it on level 3 of the Dungeon)

   Attacks with this weapon are significantly faster.
   It may eviscerate those it strikes, slaying them instantly, with a decreasing
   chance against stronger foes.
Missiles
 D - 8 throwing nets (quivered)
Armour
 f - a +1 chain mail (worn)
 p - the +0 hat "Cypen" (worn) {Slay+3 Stlth+}
   (You acquired it on level 10 of the Dungeon)

   Slay:      It affects your accuracy & damage with ranged weapons and melee
   (+3).
   Stlth:     It makes you more stealthy.
 L - the +0 pair of fencer's gloves (worn) {Riposte Dex+3}
   (You bought it in a shop on level 4 of the Dungeon)

   It allows the wearer to riposte with melee weapons, swiftly retaliating
   against missed or blocked melee attacks.
   Dex:       It affects your dexterity (+3).
Jewellery
 l - a +4 ring of evasion (left hand)
 n - a ring of poison resistance
 v - a ring of protection from cold
 y - the ring "Pidajuif" (right hand) {rElec rCorr Dex+6 Slay+2}
   (You found it on level 7 of the Dungeon)

   [ring of dexterity]

   Dex:       It affects your dexterity (+6).
   Slay:      It affects your accuracy & damage with ranged weapons and melee
   (+2).
   rElec:     It insulates you from electricity.
   rCorr:     It protects you from acid and corrosion.
 B - a +4 ring of protection
 M - a ring of positive energy
 P - a ring of protection from cold
Wands
 u - a wand of polymorph (4)
 w - a wand of mindburst (13)
 C - a wand of flame (47)
 I - a wand of quicksilver (10)
 K - a wand of paralysis (13)
Scrolls
 d - 19 scrolls of teleportation
 e - a scroll of enchant weapon
 q - a scroll of fog
 r - a scroll of magic mapping
 A - 3 scrolls of immolation
 E - a scroll of brand weapon
 F - 2 scrolls of silence
 H - 2 scrolls of poison
 J - 3 scrolls of enchant armour
 N - 2 scrolls of blinking {unknown}
 O - a scroll of torment {unknown}
 Q - a scroll of fear {unknown}
Potions
 c - 4 potions of ambrosia
 g - 4 potions of magic
 h - 10 potions of curing
 i - 4 potions of heal wounds
 j - 5 potions of lignification
 k - 4 potions of haste
 m - 2 potions of degeneration
 o - 4 potions of brilliance
 s - 4 potions of berserk rage
 t - 2 potions of might
 x - 3 potions of mutation
 z - 3 potions of resistance


   Skills:
 + Level 13.3 Fighting
 + Level 14.4 Polearms
 + Level 14.0 Armour
 + Level 14.7 Dodging
 - Level 2.0 Stealth


You had 13 spell levels left.
You didn't know any spells.
Your spell library contained the following spells:

 Spells                   Type           Power      Damage    Failure   Level
 Magic Dart               Conj           0%         1d3       96%         1
 Sandblast                Erth           0%         2d4       96%         1
 Shock                    Conj/Air       0%         1d3       96%         1
 Sting                    Tmut/Pois      0%         1d3       96%         1
 Cigotuvi's Dreadful Rot  Necr/Pois/Air  0%         N/A       99%         2
 Passwall                 Tmut/Erth      0%         N/A       99%         2
 Poisonous Vapours        Pois/Air       0%         N/A       99%         2
 Call Canine Familiar     Summ           0%         N/A       100%        3
 Dazzling Flash           Conj/Hex       0%         N/A       100%        3
 Gell's Gravitas          Tloc           0%         N/A       100%        3
 Hailstorm                Conj/Ice       0%         3d3       100%        3
 Ignite Poison            Fire/Tmut/Pois 0%         N/A       100%        3
 Kindle Blastsparks       Fire/Tloc/Air  0%         2d10      100%        3
 Mephitic Cloud           Conj/Pois/Air  0%         N/A       100%        3
 Portal Projectile        Hex/Tloc       0%         N/A       100%        3
 Stone Arrow              Conj/Erth      0%         3d7       100%        3
 Swiftness                Air            0%         N/A       100%        3
 Teleport Other           Tloc           0%         N/A       100%        3
 Tukima's Dance           Hex            0%         N/A       100%        3
 Airstrike                Air            0%         2d(0-16)  100%        4
 Animate Dead             Necr           0%         N/A       100%        4
 Ice Form                 Ice/Tmut       0%         N/A       100%        4
 Iskenderun's Mystic Bla  Conj/Tloc      0%         2d3       100%        4
 Leda's Liquefaction      Hex/Erth       0%         N/A       100%        4
 Olgreb's Toxic Radiance  Pois           0%         N/A       100%        4
 Blade Hands              Tmut           0%         N/A       100%        5
 Borgnjor's Vile Clutch   Necr/Erth      0%         N/A       100%        5
 Freezing Cloud           Conj/Ice/Air   0%         6-21      100%        5
 Conjure Ball Lightning   Conj/Air       0%         3x3d6     100%        6
 Death Channel            Necr           0%         N/A       100%        6
 Dispersal                Tloc           0%         N/A       100%        6
 Simulacrum               Ice/Necr       0%         N/A       100%        6
 Starburst                Conj/Fire      0%         6d3       100%        6


Dungeon Overview and Level Annotations

Branches:
Dungeon (11/15)            Temple (0/1) D:7            Lair (5/5) D:10
  Swamp (0/4) Lair:2       Spider (1/4) Lair:2        Slime (0/5) Lair:5
    Orc (0/2) D:11          Sewer (visited)

Altars:
Cheibriados
Elyvilon
Gozag
Kikubaaqudgha
Okawaru
Ru
Trog
Vehumet
Wu Jian
Xom
Yredelemnul
Jiyva

Shops:
D:2 (   D:4 *   D:8 =   D:9 (

Annotations:
D:7 1 runed translucent door, Crazy Yiuf
D:9 1 runed translucent door, ryw's ghost, novice HOHs


Innate Abilities, Weirdness & Mutations

You have a beak for a mouth.
You have claws for feet.
Your magical nature lets you fly swiftly and evasively.


Message History

You feel very sick.
* * * LOW HITPOINT WARNING * * *
You feel sick.
You feel better.
The entropy weaver points at you and mumbles some strange words.
Reach: b) +5 scythe "Finisher" {speed, eviscerate}
Press: ? - help, Dir - move target, f - entropy weaver
Aim: an entropy weaver (about 29% to evade the +5 scythe "Finisher")
You reach to attack!
You barely miss the entropy weaver.
You spin and attack the entropy weaver.
You barely miss the entropy weaver.
The entropy weaver points at you and mumbles some strange words.
The entropic weave corrodes you!
Your muscles tense, ready for explosive movement...
You spin and attack the entropy weaver, with incredible momentum.
You puncture the entropy weaver! Your kick misses the entropy weaver.
You peck the entropy weaver, but do no damage.
The entropy weaver is lightly wounded.
You spin and attack the entropy weaver, with incredible momentum.
You puncture the entropy weaver!
You peck the entropy weaver, but do no damage.
The entropy weaver is moderately wounded.
Your supernatural speed expires.
You slash the entropy weaver!
You claw the entropy weaver, but do no damage.
The entropy weaver is heavily wounded.
The entropy weaver closely misses you. The entropy weaver hits you!
* * * LOW HITPOINT WARNING * * *
The entropy weaver completely misses you.
The entropy weaver hits you.
* * * LOW HITPOINT WARNING * * *
Unknown command.
You are too exhausted to lash out.
You hit the entropy weaver.
You peck the entropy weaver, but do no damage.
The entropy weaver is heavily wounded.
The entropy weaver closely misses you. The entropy weaver misses you.
The entropy weaver hits you.
* * * LOW HITPOINT WARNING * * *
The entropy weaver hits you.
You die...

.........#.................
............^......##.....#
........#$................#
........#.................#
B.....†................#
.......†#............###
.?..................## ##
#.>.................####.##
#...............@B..^.....#
###..............°○.^....## ...
#.....................## #...#
#...................#..####....
#....#.........^....##...#.....
........#†.†(.#^..#.....
..............##..#.....
........................
.......>...........##..


You could see an entropy weaver.

Vanquished Creatures
  Gastronok (D:9)
  An emperor scorpion (Spider:1)
  A fire dragon (Lair:5)
  3 hydras
  Erolcha (D:9)
  A boulder beetle (D:11)
  5 death yaks (Lair:3)
  Amaemon (Lair:3)
  A steelbarb worm (Spider:1)
  A pharaoh ant (Spider:1)
  An orb spider (Spider:1)
  A swamp dragon (Lair:5)
  An oklob plant (Lair:2)
  2 wolf spiders (Spider:1)
  A cyclops (D:11)
  5 black mambas
  An orange demon (Lair:3)
  12 elephants
  14 cane toads
  2 gargoyles
  6 rime drakes
  8 komodo dragons
  Maggie (Lair:1)
  2 trolls (D:10)
  10 polar bears
  Grinder (D:6)
  2 tyrant leeches (Lair:2)
  22 blink frogs
  3 raiju (Lair:5)
  A jumping spider (Spider:1)
  4 culicivoras (Spider:1)
  3 wraiths
  34 yaks
  4 wyverns
  A basilisk (Lair:5)
  9 redbacks
  4 steam dragons
  4 vampire mosquitoes (D:11)
  6 wargs (Lair:5)
  An acid dragon (Lair:5)
  6 water moccasins
  12 hell hounds (Lair:5)
  2 orc warriors
  3 ice beasts
  A sky beast (D:8)
  2 swamp drakes (Lair:5)
  3 ogres
  11 black bears (Lair:5)
  5 centaurs
  38 wolves
  A phantom (D:6)
  A kobold brigand (D:9)
  14 bullfrogs
  4 gnoll sergeants
  A necrophage (D:5)
  6 scorpions
  13 wights
  3 electric eels
  A jelly (D:7)
  9 hounds
  2 gnoll boudas
  8 orc priests
  4 iguanas
  A merfolk avatar (Sewer)
  A merfolk siren (Sewer)
  8 orc wizards
  39 gnolls
  11 adders
  A river rat (Sewer)
  A shadow imp (D:5)
  4 ufetubi
  A worm (D:2)
  2 dart slugs
  44 orcs
  9 ball pythons
  4 bats
  8 endoplasms
  4 giant cockroaches
  9 goblins
  10 hobgoblins
  14 jackals
  6 quokkas
  9 frilled lizards
  11 kobolds
  21 rats
550 creatures vanquished.

Vanquished Creatures (others)
  A jackal (D:8)
  20 bushes (Lair:1)
  16 fungi
  92 plants
129 creatures vanquished.

Grand Total: 679 creatures vanquished

Notes
Turn   | Place    | Note
-------+----------+-------------------------------------------
     0 | D:1      | lotusamurai3 the Tengu Monk began the quest for the Orb.
     0 | D:1      | Reached XP level 1. HP: 14/14 MP: 2/2
    79 | D:1      | Reached XP level 2. HP: 17/19 MP: 3/3
   187 | D:1      | Reached skill level 1 in Armour
   300 | D:1      | Reached XP level 3. HP: 21/23 MP: 4/4
   782 | D:2      | Reached XP level 4. HP: 18/28 MP: 5/5
  1355 | D:2      | Found a faded altar of an unknown god.
  1516 | D:2      | Found Roaly's Weapon Emporium.
  1622 | D:2      | Gained mutation: Your magical nature lets you fly swiftly
                  | and evasively. [Tengu growth]
  1622 | D:2      | Reached XP level 5. HP: 31/33 MP: 6/6
  1759 | D:3      | Found the +5 scythe "Finisher" {speed, eviscerate}
  1904 | D:3      | Found an ancient bone altar of Kikubaaqudgha.
  2346 | D:3      | Found an ornate altar of the Wu Jian Council.
  2353 | D:3      | Noticed a spectral centipede
  2353 | D:3      | Noticed a spectral black mamba
  2353 | D:3      | Noticed a spectral cane toad
  2435 | D:3      | Became a worshipper of the Wu Jian Council
  2435 | D:3      | Reached * piety under Wu Jian
  2435 | D:3      | Reached ** piety under Wu Jian
  2657 | D:4      | Found a glowing drain.
  2661 | Sewer    | Entered a sewer
  2885 | Sewer    | Noticed a malarious merfolk avatar
  2892 | Sewer    | Killed a malarious merfolk avatar
  2897 | Sewer    | Reached XP level 6. HP: 34/38 MP: 7/7
  3121 | D:4      | Found Zaiddeh's Assorted Antiques.
  3258 | D:4      | Noticed a steam dragon
  3263 | D:4      | Reached skill level 5 in Dodging
  3300 | D:4      | Reached *** piety under Wu Jian
  3306 | D:4      | Reached XP level 7. HP: 27/44 MP: 8/8
  3381 | D:4      | Killed a steam dragon
  3382 | D:4      | Reached skill level 5 in Polearms
  3517 | D:4      | Found a snail-covered altar of Cheibriados.
  3683 | D:5      | Entered Level 5 of the Dungeon
  3886 | D:5      | Found a radiant altar of Vehumet.
  3950 | D:5      | Reached skill level 5 in Fighting
  4129 | D:5      | Found a shimmering altar of Xom.
  4547 | D:6      | Reached XP level 8. HP: 49/49 MP: 9/9
  4612 | D:6      | Found a bloodstained altar of Trog.
  4612 | D:6      | Found an iron altar of Okawaru.
  4692 | D:6      | Reached skill level 5 in Armour
  5027 | D:6      | Reached **** piety under Wu Jian
  5034 | D:5      | Reached XP level 9. HP: 32/55 MP: 10/10
  5361 | D:6      | Noticed Grinder
  5369 | D:6      | Killed Grinder
  5458 | D:6      | Found a basalt altar of Yredelemnul.
  5458 | D:6      | Found a sacrificial altar of Ru.
  5660 | D:7      | Identified the ring "Pidajuif" {rElec rCorr Dex+6 Slay+2}
  5688 | D:7      | Found a staircase to the Ecumenical Temple.
  6575 | D:7      | Found a runed translucent door.
  6576 | D:7      | Noticed Crazy Yiuf
  6909 | D:8      | Reached XP level 10. HP: 63/63 MP: 11/11
  7005 | D:8      | Found Gionex's Jewellery Shop.
  7167 | D:8      | Got the Catalogue of Conjury
  7200 | D:8      | Reached ***** piety under Wu Jian
  7539 | D:8      | Found an opulent altar of Gozag.
  7954 | D:9      | Found Watixicza's Weapon Shoppe.
  8344 | D:9      | Noticed ryw's ghost (novice HOHs)
  8355 | D:9      | Found a runed translucent door.
  8381 | D:9      | Noticed Gastronok
  8590 | D:9      | Killed Gastronok
  8726 | D:9      | Noticed a gargoyle
  8737 | D:9      | Killed a gargoyle
  8738 | D:9      | Reached XP level 11. HP: 69/69 MP: 12/12
  8808 | D:9      | Noticed Erolcha
  8812 | D:9      | Killed Erolcha
  9185 | D:10     | Entered Level 10 of the Dungeon
  9244 | D:10     | Found a staircase to the Lair.
  9295 | D:10     | Reached skill level 10 in Dodging
  9304 | D:10     | Reached skill level 10 in Polearms
  9607 | D:10     | Found a white marble altar of Elyvilon.
 10320 | D:11     | Noticed a cyclops
 10348 | D:11     | Killed a cyclops
 10388 | D:11     | Found a staircase to the Orcish Mines.
 10809 | D:11     | Noticed a boulder beetle
 10827 | D:11     | Killed a boulder beetle
 10827 | D:11     | Reached skill level 10 in Armour
 11797 | D:4      | Bought the +0 pair of fencer's gloves {Riposte Dex+3} for
                  | 1040 gold pieces
 11797 | D:4      | Found the +0 pair of fencer's gloves {Riposte Dex+3}
 11970 | Lair:1   | Entered Level 1 of the Lair of Beasts
 12054 | Lair:1   | Noticed Maggie
 12069 | Lair:1   | Reached skill level 10 in Fighting
 12096 | Lair:1   | Killed Maggie
 12139 | Lair:1   | Reached XP level 12. HP: 77/77 MP: 13/13
 12141 | Lair:1   | Identified the +6 flail of Kismet {vamp, Stlth+}
 13172 | Lair:1   | Noticed an eight-headed hydra
 13186 | Lair:1   | HP: 2/79 [11-headed hydra (6)]
 13434 | D:10     | Identified a scroll of acquirement
 13437 | D:10     | Acquired the +0 hat "Cypen" {Slay+3 Stlth+}
 13479 | Lair:1   | Killed a 13-headed hydra
 14032 | Lair:2   | Found a hole to the Spider Nest.
 14705 | Lair:2   | Found a radiant altar of Vehumet.
 14864 | Lair:2   | Found a staircase to the Swamp.
 15010 | Lair:2   | Reached XP level 13. HP: 84/84 MP: 14/14
 15251 | Lair:3   | Noticed Amaemon
 15257 | Lair:3   | Killed Amaemon
 15691 | Lair:3   | Reached ****** piety under Wu Jian
 16510 | Lair:5   | Entered Level 5 of the Lair of Beasts
 16548 | Lair:5   | Identified the +10 plate armour of Discretion {rC+ Will-
                  | Slay+4}
 16730 | Lair:5   | Reached XP level 14. HP: 70/92 MP: 15/15
 17548 | Lair:5   | Acquired a manual of Dodging
 17833 | Lair:5   | Found a viscous altar of Jiyva.
 17840 | Lair:5   | Found a staircase to the Slime Pits.
 18143 | Spider:1 | Entered Level 1 of the Spider Nest
 18244 | Spider:1 | Noticed an emperor scorpion
 18253 | Spider:1 | Killed an emperor scorpion
 18318 | Spider:1 | Slain by an entropy weaver

Illustrated notes

Levels and vault maps discovered:
D:1:      saegor_arrival_simple_a, layout_basic, serial_bayou_pond_b,
          wander_ebering_terrifying_dragon_lair
D:2:      wad_pebble_path, layout_basic, serial_shops, nicolae_shop_waterfront,
          hellmonk_ecumenical_altar_zigzags, minmay_tripent
D:3:      layout_loops_ring, pdpol_wu_jian_five_deadly_venoms,
          kiku_gazebo_garden_becter, minmay_pentomino_pile
D:4:      layout_rooms, amcnicky_altar_gilded, serial_shops, shop,
          gup_sewer_entry_bowl
D:5:      layout_basic, mainiacjoe_overflow_alcove_4,
          mainiacjoe_overflow_six_doors_small, hex_large, nrook_uturn
D:6:      layout_loops_cross, grunt_temple_overflow_bloody_war,
          jmf_multi_god_temple, uniq_grinder
D:7:      layout_loops_corners, minmay_temple_entry_purple_smoke,
          kennysheep_flooded_box, uniq_crazy_yiuf_cottage
D:8:      layout_cave_pools, mainiacjoe_overflow_24_doors, serial_gnoll_camp,
          gnoll_camp_mini_doghouse, gnoll_camp_medium_01, gnoll_camp_mini_shop,
          gnoll_camp_mini_basic, gnoll_camp_mini_sergeant
D:9:      layout_long_grid, hellmonk_ghost_big_iron, serial_shops, shop_statue,
          uniq_gastronok, uniq_erolcha
D:10:     layout_basic, mainiacjoe_overflow_catwalk, hellmonk_lair_entry_icy,
          kennysheep_generic_room_4
D:11:     layout_basic, hiddenorc2_lemuel
Lair:1:   cheibrodos_lair_river_kwai, layout_loops_ring, serial_forest,
          infiniplex_forest_corner_1, infiniplex_forest_lined_room_2,
          infiniplex_forest_straight_1, infiniplex_forest_end_2,
          infiniplex_forest_split, infiniplex_forest_corner_2,
          infiniplex_forest_clump_tiny, infiniplex_forest_lined_corner,
          uniq_maggie
Lair:2:   layout_layer_cave, minmay_swamp_entry_worms, spider_nest_entry_webs,
          lemuel_oklob_altar
Lair:3:   layout_regular_city, uniq_amaemon
Lair:4:   layout_long_grid, infiniplex_staircase_pool, serial_bayou_shore_a
Lair:5:   hangedman_lair_caniforms_friends, layout_cave_pods,
          guppyfry_lair_end_dragon, dpeg_slime_entry_corner, minivault_25,
          grunt_megastairs_3
Spider:1: layout_spider_delve, nicolae_looking_at_the_future,
          hangedman_spider_tarantella_strand

Skill      XL: |  1  2  3  4  5  6  7  8  9 10 11 12 13 14 |
---------------+-------------------------------------------+-----
Armour         | 1 2 3 4 6 7 8 10 11 13 14 | 14.0
Dodging        | 4 5 7 8 9 11 12 13 14 | 14.7
Polearms       | 4 5 6 8 9 11 12 13 14 | 14.4
Fighting       | 4 5 6 7 8 10 11 12 13 | 13.3
Stealth        | |  2.0

Action                   |  1- 3 |  4- 6 |  7- 9 | 10-12 | 13-15 || total
-------------------------+-------+-------+-------+-------+-------++-------
Melee: Spear             |    79 |    93 |       |       |       ||   172
       Kick              |    16 |    33 |    37 |   104 |   154 ||   344
       Peck              |     4 |    14 |    25 |    73 |    87 ||   203
       Punch             |       |     1 |       |       |       ||     1
       Scythe            |       |   107 |   211 |   427 |   384 ||  1129
       Halberd           |       |       |       |       |     6 ||     6
Invok: Lunge             |       |     5 |       |     5 |     5 ||    15
       Whirlwind         |       |     1 |       |    11 |    97 ||   109
       Serpent's Lash    |       |       |       |     3 |     1 ||     4
       Heavenly Storm    |       |       |       |       |     1 ||     1
  Use: Scroll            |       |       |       |    16 |     8 ||    24
       Potion            |       |       |       |       |     1 ||     1
 Stab: Sleeping          |     2 |       |       |       |       ||     2
       Distracted        |     1 |       |       |     2 |     2 ||     5
Armor: Chain mail        |    15 |    50 |    52 |    74 |    72 ||   263
       Robe              |     2 |       |       |       |       ||     2
Dodge: Dodged            |    26 |    67 |   118 |   249 |   339 ||   799
       Rpst.: Scythe     |       |       |       |    16 |    91 ||   107
       Halberd           |       |       |       |       |     1 ||     1

Table legend: (Time is in decaauts)
 A = Elapsed time spent in this place.
 B = Non-inter-level travel time spent in this place.
 C = Inter-level travel time spent in this place.
 D = Time resting spent in this place.
 E = Time spent auto-exploring this place.
 F = Levels seen in this place.
 G = Mean time per level.
                   A        B        C        D        E       F      G
               +--------+--------+--------+--------+--------+-----+--------+
         Total |  17188 |  16140 |   1048 |   1026 |  12338 |  18 |  954.9 |
       Dungeon |  11421 |  10570 |    851 |    705 |   8211 |  11 | 1038.3 |
          Lair |   5225 |   5029 |    196 |    321 |   3786 |   5 | 1045.0 |
   Spider Nest |    159 |    159 |      0 |      0 |     95 |   1 |  159.0 |
         Sewer |    383 |    383 |      0 |      0 |    244 |   1 |  383.0 |
               +--------+--------+--------+--------+--------+-----+--------+

Top non-repeatable levels by time:
  Lair:5: 1454 daAuts
     D:7: 1422 daAuts
    D:11: 1387 daAuts
  Lair:1: 1377 daAuts
     D:8: 1361 daAuts
    D:10: 1245 daAuts
  Lair:2: 996 daAuts
     D:5: 976 daAuts
     D:9: 951 daAuts
     D:2: 915 daAuts
     D:6: 885 daAuts
     D:3: 837 daAuts
  Lair:3: 802 daAuts
     D:1: 745 daAuts
     D:4: 693 daAuts
